 Dungeon Crawl Stone Soup version 0.22.1-2-g9c5b331383 (webtiles) character file.

1686 Ihlosi the Slasher (level 9, 0/68 HPs)
             Began as a Human Gladiator on Nov 21, 2018.
             Was a Believer of the Shining One.
             Killed from afar by a steam dragon (16 damage)
             ... with a ball of steam
             ... on level 7 of the Dungeon.
             The game lasted 00:17:00 (5730 turns).

Ihlosi the Slasher (Human Gladiator)                Turns: 5730, Time: 00:17:01

Health: 0/68       AC: 10    Str: 17    XL:     9   Next: 22%
Magic:  12/12      EV: 16    Int:  8    God:    the Shining One [**....]
Gold:   304        SH:  0    Dex: 21    Spells: 8/8 levels left

rFire    . . .     SeeInvis .   a - +0 long sword
rCold    . . .     Gourm    .   (no shield)
rNeg     + . .     Faith    .   b - +0 leather armour
rPois    .         Spirit   .   c - +1 helmet
rElec    .         Reflect  .   d - +0 cloak
rCorr    .         Harm     .   (no gloves)
MR       .....                  (no boots)
Stlth    +.........             (no amulet)
HPRegen  0.21/turn              h - +5 ring of dexterity
MPRegen  0.13/turn              o - +4 ring of protection

@: confused, hasted, glowing, very quick
A: no striking features
a: Divine Shield, Renounce Religion


You were on level 7 of the Dungeon.
You worshipped the Shining One.
The Shining One was pleased with you.
You were not hungry.

You visited 1 branch of the dungeon, and saw 9 of its levels.

You collected 304 gold pieces.

Inventory:

Hand Weapons
 a - a +0 long sword (weapon)
 r - a cursed +0 arbalest
 w - a +2 spear of freezing
 B - a +0 dagger of venom
 C - a +0 flail of crushing
Missiles
 p - 16 bolts
 t - 16 poisoned needles
Armour
 b - a +0 leather armour (worn)
 c - a +1 helmet (worn)
 d - a +0 cloak (worn)
Jewellery
 h - a +5 ring of dexterity (left hand)
 l - an uncursed ring of protection from fire
 m - an uncursed ring of protection from magic
 o - a +4 ring of protection (right hand)
 q - a +3 ring of evasion
Wands
 g - a wand of acid (1)
 j - a wand of polymorph (19)
 x - a wand of random effects (11)
Scrolls
 e - 2 scrolls of teleportation
 s - 2 scrolls of remove curse
 y - a scroll of identify
Potions
 i - 2 potions of curing
 u - a potion of resistance
 v - 2 potions of cancellation
 z - a potion of haste
Comestibles
 f - 11 rations
 k - 3 chunks of flesh


   Skills:
 * Level 5.3 Fighting
 - Level 6.0 Long Blades
 * Level 2.1 Crossbows
 - Level 2.0 Throwing
 * Level 4.1 Armour
 * Level 5.8 Dodging
 - Level 1.0 Stealth
 * Level 4.1 Invocations
 * Level 1.4 Evocations


You had 8 spell levels left.
You didn't know any spells.
Your spell library was empty.

Dungeon Overview and Level Annotations

Branches:
Dungeon (9/15)             Temple (0/1) D:6
   Lair: D:8-11         Orc: D:9-12

Altars:
Ashenzari
Cheibriados
Dithmenos
Hepliaklqana
Makhleb
Okawaru
Vehumet
The Shining One

Shops:
D:8 *

Annotations:
D:6 Sigmund
D:8 Erica


Message History

The steam dragon is heavily wounded.
You are engulfed in a cloud of scalding steam.
* * * LOW HITPOINT WARNING * * *
The steam dragon bites you.
* * * LOW HITPOINT WARNING * * *
The steam dragon claws you.
* * * LOW HITPOINT WARNING * * *
You are confused.
You feel invigorated.
You are engulfed in a cloud of scalding steam.
You bump into the rock wall.
You are engulfed in a cloud of scalding steam.
* * * LOW HITPOINT WARNING * * *
The steam dragon closely misses you. The steam dragon misses you.
The steam dragon bites you.
* * * LOW HITPOINT WARNING * * *
The steam dragon claws you but does no damage.
The steam dragon breathes steam at you. The ball of steam hits you!
You die...

#...###.........#.
...#
#...###)).......#
#......)#######...
##....#(##########
######(.........
#(.#...#..
#(D.#.#...
#ยง..)#...#
#@.........
#..#...#...
#...#.#...#
#....#...#
#..........
#..#...#...
#...#.#... #...
#...


You could see a steam dragon.

Vanquished Creatures
  3 ogres (D:7)
  2 centaurs
  A bullfrog (D:3)
  A scorpion (D:4)
  A howler monkey (D:4)
  3 crimson imps
  2 bullfrog zombies
  Crazy Yiuf (D:3)
  7 hounds
  A jelly (D:7)
  2 orc priests (D:4)
  An orc wizard (D:7)
  A bullfrog skeleton (D:4)
  An iguana (D:7)
  Jessica (D:3)
  6 worker ants
  Terence (D:3)
  5 gnolls
  8 adders
  2 shadow imps
  2 oozes
  2 adder skeletons
  3 worms
  5 dart slugs
  4 leopard geckos
  18 orcs
  5 giant cockroaches
  9 goblins
  9 hobgoblins
  8 jackals
  3 kobolds
  2 quokkas
  3 ball pythons
  9 bats
  6 frilled lizards
  A jackal skeleton (D:5)
  A leopard gecko skeleton (D:4)
  2 quokka skeletons
  6 rats
148 creatures vanquished.

Vanquished Creatures (others)
  A centaur (D:7)
1 creature vanquished.

Grand Total: 149 creatures vanquished

Notes
Turn   | Place    | Note
-------+----------+-------------------------------------------
     0 | D:1      | Ihlosi the Human Gladiator began the quest for the Orb.
     0 | D:1      | Reached XP level 1. HP: 16/16 MP: 1/1
   208 | D:1      | Reached XP level 2. HP: 20/22 MP: 2/2
   325 | D:1      | Found a glowing golden altar of the Shining One.
   334 | D:1      | Became a worshipper of the Shining One
   432 | D:1      | Reached XP level 3. HP: 22/27 MP: 3/3
   763 | D:2      | Found a radiant altar of Vehumet.
   977 | D:2      | Found a glowing golden altar of the Shining One.
  1038 | D:2      | Reached skill level 1 in Armour
  1038 | D:2      | Reached skill level 1 in Stealth
  1038 | D:2      | Reached XP level 4. HP: 34/34 MP: 4/4
  1466 | D:3      | Noticed Jessica
  1491 | D:3      | Killed Jessica
  1491 | D:3      | Reached skill level 1 in Invocations
  1491 | D:3      | Reached XP level 5. HP: 28/39 MP: 5/5
  1794 | D:3      | Noticed Terence
  1816 | D:3      | Killed Terence
  1816 | D:3      | Reached skill level 4 in Long Blades
  1886 | D:3      | Found a runed door.
  1933 | D:3      | Noticed a bullfrog
  1942 | D:3      | Killed a bullfrog
  1942 | D:3      | Reached XP level 6. HP: 33/47 MP: 7/7
  2169 | D:3      | Noticed Crazy Yiuf
  2179 | D:3      | Killed Crazy Yiuf
  2383 | D:4      | Reached * piety under the Shining One
  2775 | D:4      | Reached XP level 7. HP: 40/52 MP: 8/8
  2863 | D:4      | Reached skill level 5 in Long Blades
  3401 | D:5      | Entered Level 5 of the Dungeon
  3553 | D:5      | Found a snail-covered altar of Cheibriados.
  3553 | D:5      | Found a shadowy altar of Dithmenos.
  3553 | D:5      | Found a hazy altar of Hepliaklqana.
  3736 | D:5      | Reached XP level 8. HP: 60/60 MP: 10/10
  4224 | D:6      | Found a staircase to the Ecumenical Temple.
  4280 | D:6      | Noticed Sigmund
  4281 | D:6      | Was placed under penance by the Shining One
  4462 | D:6      | You fall through a shaft for 3 floors!
  4462 | D:9      | Found a burning altar of Makhleb.
  4499 | D:9      | Found an iron altar of Okawaru.
  4503 | D:9      | Noticed a human
  4503 | D:9      | Noticed a human
  4572 | D:9      | Noticed a spriggan
  4832 | D:9      | Reached skill level 6 in Long Blades
  5048 | D:8      | Noticed Erica
  5093 | D:8      | Found Neurhaott's Elemental Accessories.
  5115 | D:7      | Found a shattered altar of Ashenzari.
  5121 | D:7      | Reached skill level 1 in Crossbows
  5121 | D:7      | Reached skill level 5 in Dodging
  5311 | D:7      | Was forgiven by the Shining One
  5597 | D:7      | Reached skill level 5 in Fighting
  5662 | D:7      | Reached ** piety under the Shining One
  5666 | D:7      | Reached XP level 9. HP: 66/68 MP: 11/11
  5667 | D:7      | Reached skill level 1 in Evocations
  5730 | D:7      | Killed from afar by a steam dragon

Skill      XL: |  1  2  3  4  5  6  7  8  9 |
---------------+----------------------------+-----
Armour         | 1 2 3 4 |  4.1
Stealth        | 1 |  1.0
Invocations    | 1 2 3 4 |  4.1
Long Blades    | 4 5 6 |  6.0
Fighting       | 3 4 5 |  5.3
Dodging        | 4 5 |  5.8
Crossbows      | 1 2 |  2.1
Evocations     | 1 |  1.4
Throwing       | |  2.0

Action                   |  1- 3 |  4- 6 |  7- 9 || total
-------------------------+-------+-------+-------++-------
Melee: Long sword        |    67 |   108 |   242 ||   417
       Spear             |       |    21 |       ||    21
Throw: Throwing net      |       |     5 |       ||     5
Evoke: Wand              |       |       |    11 ||    11
  Use: Potion            |       |     3 |     6 ||     9
       Scroll            |       |       |    12 ||    12
 Stab: Sleeping          |     1 |       |       ||     1
  Eat: Chunk             |       |     6 |     7 ||    13
       Ration            |       |       |     1 ||     1
Armor: Leather armour    |    25 |    46 |    97 ||   168
       Skin              |       |       |     2 ||     2
Dodge: Dodged            |    64 |   119 |   225 ||   408
       Rpst.: Long sword |    24 |    37 |    60 ||   121
